 Dungeon Crawl Stone Soup version 0.25.0-46-gbd7b0854d2 (webtiles) character file.

Game seed: 14996560049203748459

81 Peloso the Skirmisher (level 4, 36/36 HPs)
             Began as a Demonspawn Fighter on July 12, 2020.
             Got out of the dungeon alive.
             The game lasted 00:02:58 (1683 turns).

Peloso the Skirmisher (Demonspawn Fighter)          Turns: 1683, Time: 00:02:58

Health: 36/36      AC:  7    Str: 17    XL:     4   Next: 19%
Magic:  4/4        EV:  7    Int:  9    God:
Gold:   73         SH:  9    Dex: 13    Spells: 3/3 levels left

rFire    . . .     SeeInvis .   a - +0 long sword
rCold    . . .     Gourm    .   c - +0 kite shield
rNeg     . . .     Faith    .   m - +0 scale mail
rPois    .         Spirit   .   (no helmet)
rElec    .         Reflect  .   (no cloak)
rCorr    .         Harm     .   (no gloves)
MR       .....                  (no boots)
Stlth    ..........             (no amulet)
HPRegen  0.12/turn              (no ring)
MPRegen  0.09/turn              (no ring)

@: no status effects
A: hooves 1, rugged brown scales 1, powered by pain 1
a: no special abilities


You escaped.
You were hungry.

You visited 1 branch of the dungeon, and saw 2 of its levels.

You collected 73 gold pieces.

Inventory:

Hand Weapons
 a - a +0 long sword (weapon)
 b - a +0 short sword of venom
Armour
 c - a +0 kite shield (worn)
 m - a +0 scale mail (worn)
Scrolls
 e - 3 scrolls of remove curse {unknown}
 i - 2 scrolls of magic mapping {unknown}
 j - a scroll of amnesia {unknown}
 k - a scroll of random uselessness {unknown}
 l - a scroll of identify {unknown}
 o - a scroll of enchant weapon {unknown}
Potions
 d - a potion of might
 g - a potion of heal wounds {unknown}
 h - a potion of haste {unknown}
Comestibles
 f - 8 rations


   Skills:
 + Level 3.5 Fighting
 + Level 2.5 Long Blades
 + Level 3.2 Armour
 + Level 0.9 Dodging
 + Level 3.2 Shields


You had 3 spell levels left.
You didn't know any spells.
Your spell library was empty.

Dungeon Overview and Level Annotations

Branches:
Dungeon (2/15)

Altars:
Dithmenos


Innate Abilities, Weirdness & Mutations

You have large cloven feet.
You are partially covered in rugged brown scales. (AC +1, +3% HP)
You sometimes gain a little power by taking damage.


Message History

You kick the rat, but do no damage. You block the rat's attack.
You hit the rat. Your kick misses the rat.
The rat is moderately wounded.
The rat closely misses you.
You riposte.
You slash the rat!
You kill the rat!
(D) Dungeon
Where to? (Enter - D:12, ? - help)
What level of the Dungeon? (default 1, ? - help)
You are feeling hungry.
(D) Dungeon
Where to? (Enter - D:1 @ (x,y), ? - help)
There is a stone staircase leading down here.
There is a stone staircase leading up here.
You climb upwards.
There is a stone staircase leading down here.
You see here a +0 club.
You see here a scale mail.
There is a staircase leading out of the dungeon here.
Are you sure you want to leave the Dungeon?
This will make you lose the game!
You have escaped!

#................
#................
############......
#>.#####..###.....
#...#...#.#.......
#.#...............
###...............
##.####..#.######.
#@## ###.## ##.
### ########..
####.##......
#.....#......
#.....#......
#............
#.....#......
#.....#......
#############


There were no monsters in sight!

Vanquished Creatures
  3 adders (D:2)
  2 worms (D:2)
  2 dart slugs
  A leopard gecko (D:1)
  A ball python (D:2)
  8 bats
  A giant cockroach (D:1)
  3 goblins
  4 hobgoblins
  4 jackals (D:2)
  A quokka (D:2)
  3 frilled lizards
  5 kobolds
  8 rats
46 creatures vanquished.

Notes
Turn   | Place    | Note
-------+----------+-------------------------------------------
     0 | D:1      | Peloso the Demonspawn Fighter began the quest for the Orb.
     0 | D:1      | Reached XP level 1. HP: 18/18 MP: 1/1
   131 | D:1      | Gained mutation: You have large cloven feet. [demonic
                  | ancestry]
   131 | D:1      | Reached XP level 2. HP: 21/24 MP: 2/2
   593 | D:2      | Gained mutation: You sometimes gain a little power by
                  | taking damage. [demonic ancestry]
   593 | D:2      | Reached XP level 3. HP: 28/29 MP: 3/3
  1205 | D:2      | Gained mutation: You are partially covered in rugged brown
                  | scales. (AC +1, +3% HP) [demonic ancestry]
  1205 | D:2      | Reached XP level 4. HP: 20/36 MP: 4/4
  1336 | D:2      | Found a shadowy altar of Dithmenos.
  1683 | D:$      | Got out of the dungeon alive.

Illustrated notes

Levels and vault maps discovered:
D:1:      minmay_arrival_jagged, layout_rooms
D:2:      layout_basic, nicolae_dithmenos_shadow_blocks, first_ration

Skill      XL: |  1  2  3 |
---------------+----------+-----
Long Blades    | 2 |  2.5
Shields        | 3 |  3.2
Armour         | 3 |  3.2
Fighting       | |  3.5
Dodging        | |  0.9

Action                   |  1- 3 |  4- 6 || total
-------------------------+-------+-------++-------
Melee: Long sword        |   115 |    13 ||   128
       Kick              |    23 |     2 ||    25
  Eat: Chunk             |     1 |     1 ||     2
Armor: Scale mail        |    89 |    13 ||   102
Dodge: Dodged            |    50 |     2 ||    52
Block: Kite shield       |    76 |    10 ||    86
       Rpst.: Long sword |    14 |     1 ||    15
